 Dungeon Crawl Stone Soup version 0.27-a0-860-gaf99fae3ca (webtiles) character file.

Game seed: 340686691568875571

16305 frogmouthbird the Severer (level 12, -5/104 HPs)
             Began as a Hill Orc Fighter on Apr 1, 2021.
             Was a High Priest of Okawaru.
             Slain by a two-headed ogre
             ... wielding a +0 giant club
              (7 damage)
             ... on level 1 of the Orcish Mines.
             The game lasted 00:17:27 (12471 turns).

frogmouthbird the Severer (Hill Orc Fighter)       Turns: 12471, Time: 00:17:28

Health: -5/104     AC: 17    Str: 22    XL:     12   Next: 36%
Magic:  15/15      EV:  7    Int: 10    God:    Okawaru [*****.]
Gold:   726        SH: 15    Dex: 10    Spells: 11/11 levels left

rFire    . . .     SeeInvis .   a - +4 war axe
rCold    + . .     Faith    .   c - +1 kite shield
rNeg     . . .     Spirit   .   F - +2 chain mail {rC+}
rPois    +         Reflect  +   o - +0 helmet
rElec    .         Harm     .   m - +2 cloak {rPois}
rCorr    .         Rampage  .   (no gloves)
Will     +....                  (no boots)
Stlth    ..........             B - amulet of reflection
HPRegen  0.27/turn              t - ring of willpower
MPRegen  0.14/turn              D - +4 ring of slaying

@: no status effects
A: no striking features
a: Renounce Religion, Convert to Beogh, Heroism, Finesse


You were on level 1 of the Orcish Mines.
You worshipped Okawaru.
Okawaru was extremely pleased with you.
You visited 3 branches of the dungeon, and saw 12 of its levels.
You also visited: Ossuary.

You collected 840 gold pieces.
You spent 114 gold pieces at shops.

Inventory:

Hand Weapons
 a - a +4 war axe (weapon)
Missiles
 g - 5 curare-tipped darts (quivered)
Armour
 c - a +1 kite shield (worn)
 m - a +2 cloak of poison resistance (worn)
 o - a +0 helmet (worn)
 F - a +2 chain mail of cold resistance (worn)
Jewellery
 q - a ring of flight
 t - a ring of willpower (left hand)
 u - a ring of wizardry
 B - an amulet of reflection (around neck)
 D - a +4 ring of slaying (right hand)
 G - a +6 ring of intelligence
Wands
 d - a wand of polymorph (13)
 h - a wand of acid (1)
 x - a wand of flame (32)
Scrolls
 b - 2 scrolls of teleportation
 e - 4 scrolls of identify
 j - 3 scrolls of magic mapping
 l - a scroll of holy word
 n - a scroll of fear
 r - 3 scrolls of enchant armour
 y - 5 scrolls of amnesia
 C - a scroll of enchant weapon
 H - a scroll of blinking
Potions
 f - a potion of invisibility {unknown}
 i - 2 potions of berserk rage
 k - 8 potions of curing
 p - 2 potions of resistance
 s - 2 potions of mutation {unknown}
 v - 2 potions of lignification {unknown}
 w - a potion of haste
 z - 4 potions of attraction {unknown}
 A - 4 potions of heal wounds
 E - a potion of flight {unknown}


   Skills:
 + Level 9.1 Fighting
 - Level 18.6 Axes
 + Level 8.3 Armour
 + Level 5.6 Dodging
 - Level 3.2 Shields
 - Level 4.1 Invocations


You had 11 spell levels left.
You didn't know any spells.
Your spell library contained the following spells:

 Spells                   Type           Power      Damage    Failure   Level
 Freeze                   Ice            0%         1d3       100%        1
 Frozen Ramparts          Ice            0%         1d2       100%        3
 Ozocubu's Armour         Ice            0%         N/A       100%        3
 Hailstorm                Conj/Ice       0%         3d3       100%        4
 Summon Ice Beast         Ice/Summ       0%         N/A       100%        4


Dungeon Overview and Level Annotations

Branches:
Dungeon (10/15)            Temple (1/1) D:6            Lair (0/6) D:8
    Orc (1/2) D:10        Ossuary (visited)

Altars:
Fedhas
Hepliaklqana
Makhleb
Nemelex Xobeh
Okawaru
Sif Muna
Wu Jian
Xom
Yredelemnul
Zin
The Shining One
Beogh

Shops:
D:4 ?   D:8 :   D:9 =


Message History

You slice the warg!!
The warg is almost dead.
The orc priest shouts, "Join the one true god or die!"
You hit the two-headed ogre. You slice the orc priest!!
You kill the orc priest!
Okawaru accepts your kill.
The orc priest shouts, "Beogh is our master!
Accept the truth or die!"
The orc priest calls down the wrath of Beogh upon you.
Beogh smites you! The warg bites you.
Unknown command.
You slash the two-headed ogre!
The two-headed ogre is heavily wounded.
You hit the warg.
You block the two-headed ogre's attack. x2
The warg barely misses you. You block the orc warrior's attack.
The orc priest looks encouraged for a moment.
Unknown command.
You slash the two-headed ogre!
The two-headed ogre is severely wounded.
You slash the orc!
You kill the orc!
Okawaru accepts your kill.
You hit the warg.
You kill the warg!
Okawaru accepts your kill.
The two-headed ogre hits you with a +0 giant club!!
* * * LOW HITPOINT WARNING * * *
You block the two-headed ogre's attack. You block the orc warrior's attack.
You completely miss the two-headed ogre.
The two-headed ogre is severely wounded.
You hit the orc warrior.
The orc warrior hits you but does no damage.
You hit the two-headed ogre.
The two-headed ogre is severely wounded.
The orc priest shouts, "Join the one true god or die!"
You slash the orc warrior!
The orc priest shouts, "Beogh is our master!
Accept the truth or die!"
The two-headed ogre hits you with a +0 giant club!!
* * * LOW HITPOINT WARNING * * *
The two-headed ogre hits you with a +0 giant spiked club!
You die...

### ## ##
##.##.###.##
#......#...#
##))..#.#..##
#o@).......$# ##
##oO.......#
##.###oo.......#
#.....oo.......##
##......†.....#..
#.##.#......#......
. ##.............#
##)##..........
#...)..........


You could see a two-headed ogre, 2 orc warriors, 2 orc priests and 2 orcs.

Vanquished Creatures
  Erica (D:8)
  3 two-headed ogres (D:9)
  A centaur warrior (D:9)
  A skeletal warrior (D:9)
  A komodo dragon (D:9)
  Psyche (D:8)
  4 trolls
  Grinder (D:3)
  16 yaks
  3 shadows
  8 humans (D:7)
  2 steam dragons (D:9)
  5 wargs
  An acid dragon (D:9)
  4 water moccasins
  6 orc warriors
  2 ice beasts
  A black bear (D:6)
  6 ogres
  2 phantoms
  4 centaurs
  3 elf zombies (Ossuary)
  3 kobold brigands
  2 bullfrogs (D:9)
  3 scorpions
  2 wyvern zombies
  2 gnoll sergeants
  A water moccasin zombie (D:6)
  A water moccasin skeleton (D:6)
  6 killer bees
  13 wights
  5 howler monkeys
  3 centaur zombies
  A gnoll shaman (D:6)
  8 hounds
  2 human zombies (Ossuary)
  2 jellies
  9 orc priests
  A bullfrog skeleton (D:5)
  2 iguanas
  17 orc wizards
  Ijyb (D:7)
  2 mummies (Ossuary)
  4 howler monkey zombies
  Robin (D:4)
  8 gnolls
  8 adders
  A shadow imp (D:5)
  A white imp (D:5)
  2 ufetubi
  3 adder zombies
  An adder skeleton (D:4)
  2 dart slugs
  33 orcs
  5 ball pythons
  5 endoplasms
  3 giant cockroaches
  12 goblins
  10 hobgoblins
  4 jackals (D:7)
  3 quokkas
  7 bats
  4 frilled lizards
  A goblin zombie (Ossuary)
  10 hobgoblin zombies (Ossuary)
  2 jackal zombies (Ossuary)
  21 kobolds
  5 kobold zombies (Ossuary)
  9 orc zombies (Ossuary)
  5 rats
  2 rat zombies (Ossuary)
334 creatures vanquished.

Vanquished Creatures (others)
  3 plants
3 creatures vanquished.

Grand Total: 337 creatures vanquished

Notes
Turn   | Place    | Note
-------+----------+-------------------------------------------
     0 | D:1      | frogmouthbird the Hill Orc Fighter began the quest for the
                  | Orb.
     0 | D:1      | Reached XP level 1. HP: 19/19 MP: 1/1
     1 | D:1      | Noticed an iron dragon
     2 | D:1      | Noticed a golden dragon
     4 | D:1      | Noticed a red draconian
     4 | D:1      | Noticed an iron dragon
     9 | D:1      | Noticed an iron dragon
    11 | D:1      | Noticed a red draconian
    11 | D:1      | Noticed a large abomination
    13 | D:1      | Noticed a shadow dragon
    16 | D:1      | Noticed a large abomination
    18 | D:1      | Noticed a shadow dragon
    18 | D:1      | Noticed an orb of fire
    20 | D:1      | Noticed an ice dragon
    20 | D:1      | Noticed an orb of fire
    22 | D:1      | Noticed a purple draconian
    44 | D:1      | Reached skill level 3 in Axes
    67 | D:1      | Found a faded altar of an unknown god.
   103 | D:1      | Reached XP level 2. HP: 26/26 MP: 2/2
   126 | D:1      | Reached skill level 4 in Axes
   373 | D:1      | Reached XP level 3. HP: 26/31 MP: 3/3
   706 | D:2      | Reached skill level 5 in Axes
  1066 | D:2      | Reached XP level 4. HP: 38/39 MP: 4/4
  1107 | D:2      | Reached skill level 6 in Axes
  1405 | D:3      | Noticed Grinder
  1421 | D:3      | Killed Grinder
  1422 | D:3      | Reached skill level 8 in Axes
  1422 | D:3      | Reached XP level 5. HP: 27/45 MP: 5/5
  1422 | D:3      | Reached XP level 6. HP: 30/51 MP: 6/6
  2472 | D:4      | Found Tugicef's Magic Scroll Boutique.
  2622 | D:4      | Bought a scroll of identify for 24 gold pieces
  2622 | D:4      | Bought a scroll of identify for 24 gold pieces
  2622 | D:4      | Bought a scroll of identify for 24 gold pieces
  2622 | D:4      | Bought a scroll of fear for 42 gold pieces
  2747 | D:4      | Reached skill level 9 in Axes
  2842 | D:4      | Noticed Robin
  2853 | D:4      | Killed Robin
  3052 | D:4      | Reached XP level 7. HP: 53/57 MP: 7/7
  3182 | D:5      | Entered Level 5 of the Dungeon
  3192 | D:5      | Reached skill level 10 in Axes
  3397 | D:5      | Reached skill level 11 in Axes
  3509 | D:5      | Reached XP level 8. HP: 52/64 MP: 8/8
  3659 | D:5      | Reached skill level 12 in Axes
  4276 | D:6      | Found a staircase to the Ecumenical Temple.
  4287 | D:6      | Reached skill level 13 in Axes
  4292 | Temple   | Entered the Ecumenical Temple
  4299 | Temple   | Became a worshipper of Warmaster Okawaru
  4712 | D:6      | Reached skill level 14 in Axes
  4712 | D:6      | Reached XP level 9. HP: 59/70 MP: 9/9
  4790 | D:6      | Noticed a troll
  4799 | D:6      | Killed a troll
  4818 | D:6      | Reached * piety under Okawaru
  5062 | D:6      | Identified the +5 falchion of Cocytus {flame, +Blink Int+5
                  | Dex-3}
  5123 | D:6      | Reached skill level 15 in Axes
  5758 | D:6      | Reached ** piety under Okawaru
  5759 | D:6      | Reached skill level 16 in Axes
  6907 | D:7      | Noticed Ijyb
  6916 | D:7      | Reached XP level 10. HP: 77/77 MP: 10/10
  6917 | D:7      | Reached skill level 17 in Axes
  6929 | D:7      | Reached *** piety under Okawaru
  6937 | D:7      | Killed Ijyb
  6955 | D:7      | Reached skill level 18 in Axes
  7151 | D:7      | Found a sand-covered staircase.
  7165 | Ossuary  | Entered an ossuary
  7299 | Ossuary  | Reached **** piety under Okawaru
  7947 | D:7      | Reached skill level 1 in Dodging
  8439 | D:8      | Reached XP level 11. HP: 61/85 MP: 11/11
  8445 | D:8      | Noticed Erica
  8447 | D:8      | Reached skill level 5 in Fighting
  8573 | D:8      | Killed Erica
  8574 | D:8      | Reached skill level 5 in Armour
  8603 | D:8      | Found a staircase to the Lair.
  8810 | D:8      | Reached ***** piety under Okawaru
  9078 | D:8      | Noticed Psyche
  9132 | D:8      | Killed Psyche
  9147 | D:8      | Found Ravvuy Vitz's Book Emporium.
  9522 | D:9      | Reached skill level 1 in Invocations
  9698 | D:9      | Noticed a two-headed ogre
  9708 | D:9      | Killed a two-headed ogre
 10028 | D:9      | Noticed a centaur warrior
 10039 | D:9      | Killed a centaur warrior
 10333 | D:9      | Noticed a two-headed ogre
 10338 | D:9      | Killed a two-headed ogre
 10338 | D:9      | Received a gift from Okawaru
 10430 | D:9      | Found Tokhluku's Jewellery Emporium.
 10495 | D:9      | Noticed a two-headed ogre
 10501 | D:9      | Identified the +1 robe of Inatoit {rCorr Int+4}
 10501 | D:9      | Noticed a skeletal warrior
 10505 | D:9      | Killed a two-headed ogre
 10518 | D:9      | Killed a skeletal warrior
 10545 | D:9      | Reached XP level 12. HP: 56/101 MP: 15/15
 11331 | D:10     | Entered Level 10 of the Dungeon
 11342 | D:9      | Reached skill level 5 in Dodging
 11800 | D:10     | Found a shimmering blue altar of Sif Muna.
 12089 | D:10     | Found a staircase to the Orcish Mines.
 12146 | D:10     | Found a roughly hewn altar of Beogh.
 12358 | Orc:1    | Entered Level 1 of the Orcish Mines
 12450 | Orc:1    | Noticed a two-headed ogre
 12471 | Orc:1    | HP: 2/104 [two-headed ogre/+0 giant club (28)]
 12471 | Orc:1    | Slain by a two-headed ogre

Illustrated notes

Levels and vault maps discovered:
D:1:      shiori_arrival_whats_in_store_for_you, layout_rooms,
          basic_ecumenical_altar, minmay_pentomino_x2
D:2:      layout_basic
D:3:      layout_loops_ring, serial_forest, infiniplex_forest_end_2,
          infiniplex_forest_lined_2, infiniplex_forest_lined_3_way,
          infiniplex_forest_straight_1, infiniplex_forest_clump_curved,
          infiniplex_forest_corner_2, infiniplex_forest_clump_diagonal,
          uniq_grinder
D:4:      layout_basic, serial_shops, shop, skrybe_limestone_x, uniq_robin
D:5:      layout_loops_ring, minmay_a_box_with_orc_wizards_in_it
D:6:      layout_basic, minmay_temple_entry_drinking_statues,
          wad_rectangle_vault
D:7:      erik_cavepeople, layout_basic, enter_ossuary_1
D:8:      layout_rooms, erik_lair_orcish_takeover, serial_corexii_hall,
          corexii_hall_statues_l, chequers_hall_statues_y,
          corexii_hall_statues_l, chequers_hall_statues_y,
          chequers_hall_statues_y, corexii_hall_statues_l, serial_shops, shop,
          amcnicky_mini_pool_small, uniq_erica, uniq_psyche
D:9:      minmay_quarter_circles, layout_stronghold, serial_shops, shop
D:10:     layout_roguey, kennysheep_orc_sif_temple,
          minmay_orc_entry_temple_small, kennysheep_nub
Temple:   compressed_dpeg_triangle_lava_temple
Orc:1:    layout_caves

Skill      XL: |  1  2  3  4  5  6  7  8  9 10 11 12 |
---------------+-------------------------------------+-----
Axes           | 3 4 5 8 9 11 14 16 18 | 18.6
Fighting       | 4 7 9 |  9.1
Dodging        | 2 4 5 |  5.6
Armour         | 4 7 8 |  8.3
Invocations    | 4 |  4.1
Shields        | |  3.2

Action                   |  1- 3 |  4- 6 |  7- 9 | 10-12 || total
-------------------------+-------+-------+-------+-------++-------
Melee: War axe           |    87 |    99 |   276 |   538 ||  1000
Throw: Dart              |       |       |     3 |       ||     3
Evoke: Wand              |       |       |     2 |     5 ||     7
  Use: Scroll            |     5 |       |     7 |     2 ||    14
       Potion            |       |     1 |       |     2 ||     3
Armor: Scale mail        |    41 |    50 |   101 |       ||   192
       Chain mail        |       |       |    25 |   170 ||   195
Dodge: Dodged            |    30 |    24 |    58 |    76 ||   188
Block: Kite shield       |    45 |    63 |   125 |   361 ||   594
       Reflection        |       |       |       |    16 ||    16

Table legend: (Time is in decaauts)
 A = Elapsed time spent in this place.
 B = Non-inter-level travel time spent in this place.
 C = Inter-level travel time spent in this place.
 D = Time resting spent in this place.
 E = Time spent auto-exploring this place.
 F = Levels seen in this place.
 G = Mean time per level.
                   A        B        C        D        E       F      G
               +--------+--------+--------+--------+--------+-----+--------+
         Total |  12515 |  12291 |    224 |   1852 |   8479 |  13 |  962.7 |
       Dungeon |  12087 |  11870 |    217 |   1852 |   8307 |  10 | 1208.7 |
        Temple |     14 |      7 |      7 |      0 |      0 |   1 |   14.0 |
  Orcish Mines |    110 |    110 |      0 |      0 |     57 |   1 |  110.0 |
       Ossuary |    302 |    302 |      0 |      0 |    115 |   1 |  302.0 |
               +--------+--------+--------+--------+--------+-----+--------+

Top non-repeatable levels by time:
     D:6: 2172 daAuts
     D:9: 1964 daAuts
     D:7: 1512 daAuts
     D:5: 1105 daAuts
     D:8: 1057 daAuts
     D:3: 1047 daAuts
    D:10: 1015 daAuts
     D:4: 911 daAuts
     D:1: 689 daAuts
     D:2: 612 daAuts
 Ossuary: 302 daAuts
   Orc:1: 110 daAuts
  Temple: 14 daAuts
